 Dungeon Crawl Stone Soup version 0.30-b1-2-g02819fbbbe (webtiles) character file.

Game seed: 10965578497733155229

4 sanka the Magician (level 1, 0/11 HPs)
             Began as a Deep Elf Transmuter on May 10, 2023.
             Slain by an adder (3 damage)
             ... on level 2 of the Dungeon.
             The game lasted 00:00:45 (745 turns).

sanka the Magician (Deep Elf Transmuter)             Turns: 745, Time: 00:00:45

Health: 0/11       AC:  2    Str:  7    XL:     1   Next: 58%
Magic:  5/6        EV: 12    Int: 17    God:
Gold:   81         SH:  0    Dex: 15    Spells: 5/6 levels left

rFire   . .          .
                       - Unarmed
rCold   . . .        (no shield)
rNeg    . . .        a - +0 robe
rPois   .            (helmet currently unavailable)
rElec   .            (no cloak)
rCorr   .            (no gloves)
SInv    .            (boots currently unavailable)
Will    .....        (no amulet)
Stlth   +            (no ring)
HPRegen 0.21/turn    (no ring)
MPRegen 0.10/turn

%: no passive effects
@: lethally poisoned (0 -> -2), appendages (expiring)
A: horns 2, talons 2
a: End Transformation


You were on level 2 of the Dungeon.
You had temporarily grown beastly horns and talons.
You visited 1 branch of the dungeon, and saw 2 of its levels.

You collected 81 gold pieces.

Inventory:

Armour
 a - a +0 robe (worn)
Scrolls
 e - a scroll of fear {unknown}
 g - a scroll of identify {unknown}
Potions
 b - a potion of lignification {!q}
 c - 2 potions of brilliance {unknown}
 d - a potion of haste {unknown}
 f - a potion of attraction {unknown}


   Skills:
 - Level 0.7 Fighting
 - Level 2.4 Dodging
 - Level 2.4 Unarmed Combat
 - Level 3.0 Spellcasting
 + Level 2.4 Transmutations
 + Level 0.8 Poison Magic


You had 5 spell levels left.
You knew the following spells:

 Your Spells              Type           Power      Damage    Failure   Level
a - Beastly Appendage     Tmut           20%        N/A       6%          1

Your spell library contained the following spells:

 Spells                   Type           Power      Damage    Failure   Level
 Wereblood                Tmut           10%        N/A       10%         2
 Spider Form              Tmut/Pois      8%         N/A       26%         3
 Ice Form                 Ice/Tmut       6%         N/A       71%         4


Dungeon Overview and Level Annotations

Branches:
Dungeon (1/15)

Altars:


Innate Abilities, Weirdness & Mutations

You have temporarily grown beastly horns and talons.


Message History

You open the door.
You now have 81 gold pieces (gained 13).
Found a hand axe.
You see here a +0 hand axe.
An adder comes into view.
The adder hisses angrily.
A bat comes into view.
The bat moves out of view.
You grow a pair of large bovine horns.
Your feet morph into talons.
The adder barely misses you.
You barely miss the adder. You claw the adder. You headbutt the adder.
The adder is heavily wounded.
The bat barely misses you. The adder barely misses you.
You barely miss the adder.
The adder is heavily wounded.
The bat closely misses you. The adder closely misses you.
The adder barely misses you.
You barely miss the adder.
The adder is moderately wounded.
The bat barely misses you. The bat hits you but does no damage.
The adder bites you.
You are poisoned.
The adder poisons you!
You barely miss the adder.
The adder is moderately wounded.
You feel sick. The bat hits you but does no damage.
The adder bites you but does no damage.
You closely miss the adder.
The adder is moderately wounded.
You feel sick. The bat barely misses you. The adder bites you.
You are too injured to fight recklessly!
You are too injured to fight recklessly!
Unknown command.
You hit the adder but do no damage. Your kick misses the adder.
The adder is moderately wounded.
Your transformation is almost over.
* * * LOW HITPOINT WARNING * * *
You feel sick. The adder misses you. The bat completely misses you.
The adder bites you.
You die...

. #..###.#...#.#.#
#..##.
#.)###.##....#.. ..
#..
.###....#.##########
#..
#..........########
.....
....................
..>..
###...##.#..########
##..## #... #.#..#
#.. #... ..##.### #.
#...#####.@b# +..
#..S......
####.##### ..# .# ..
.. ###


You could see an adder and a bat.

Vanquished Creatures
  A hobgoblin (D:1)
  A quokka (D:1)
  2 ball pythons
  A goblin (D:1)
5 creatures vanquished.

Notes
Turn   | Place    | Note
-------+----------+-------------------------------------------
     0 | D:1      | sanka the Deep Elf Transmuter began the quest for the Orb.
     0 | D:1      | Reached XP level 1. HP: 11/11 MP: 6/6
   593 | D:1      | You fall into a shaft and drop 1 floor!
   745 | D:2      | Slain by an adder

Illustrated notes

Levels and vault maps discovered:
D:1:      wheals_arrival_shading, layout_loops_ring
D:2:      layout_basic, uniq_robin

Action                     || total
---------------------------++-------
  Melee: Unarmed           ||    21
         Kick              ||     4
         Headbutt          ||     1
   Cast: Beastly Appendage ||     6
 Armour: Robe              ||     5
  Dodge: Dodged            ||    21
